[Event "Titled Tuesday Blitz November 08 Early 2022"]
[White "Gholami Orimi, Mahdi"]
[Black "Salinas Herrera, Pablo"]
[WhiteFideId "12558486"]
[BlackFideId "3407128"]
[WhiteElo "2330"]
[BlackElo "2557"]
[Result "1/2-1/2"]
[Round "11"]
[TimeControl "180+1"]
[Date "2022.11.08"]
[WhiteClock "0:00:17"]
[BlackClock "0:00:06"]

1. d4 d5 2. c4 c6 3. Nf3 Nf6 4. g3 Bf5 5. Qb3 Qb6 6. c5 Qxb3 7. axb3 e6 8. b4 h6 9. Nc3 Be7 10. b5 O-O 11. Bf4 cxb5 12. Nxb5 Nc6 13. e3 Be4 14. Bg2 Nb4 15. Kd2 Nd3 16. Bd6 Bxd6 17. Nxd6 Nxf2 18. Rhf1 Bxf3 19. Bxf3 N2e4+ 20. Bxe4 Nxe4+ 21. Nxe4 dxe4 22. Ra4 f5 23. Rfa1 a6 24. Rb4 Rf7 25. Rb6 Re7 26. Ra4 Kf7 27. Rab4 Ra7 28. Kc3 Ke8 29. Rd6 Ra8 30. Rbb6 Kf7 31. d5 exd5 32. Rxd5 g6 33. Rdd6 Rg8 34. Rf6+ Ke8 35. Kc4 Rd7 36. b4 Kd8 37. Rxg6 Rxg6 38. Rxg6 Rd3 39. Rf6 Rxe3 40. Rxf5 Re2 41. Rh5 Rc2+ 42. Kd4 Rb2 43. Kxe4 Rxb4+ 44. Kd5 a5 45. Rxh6 Rb2 46. h4 Rg2 47. Rg6 a4 48. Ke4 a3 49. Kf3 a2 50. Rg8+ Ke7 51. Ra8 Rc2 52. Kg4 Kf6 53. Ra7 Kg6 54. h5+ Kh6 55. Kh4 Rh2+ 56. Kg4 Rc2 57. Ra8 Rc4+ 58. Kh3 Kxh5 59. Rxa2 Rxc5 60. Ra7 Rb5 61. Ra8 1/2-1/2


[Site "https://www.chess.com"]

[Event "Titled Tuesday Blitz November 08 Early 2022"]
[White "Ginzburg, Yakov"]
[Black "Andrews, Todd"]
[WhiteFideId "4157176"]
[BlackFideId "2012456"]
[WhiteElo "2305"]
[BlackElo "2441"]
[Result "1-0"]
[Round "11"]
[TimeControl "180+1"]
[Date "2022.11.09"]
[WhiteClock "0:00:16"]
[BlackClock "0:00:19"]

1. e4 e6 2. d4 d5 3. e5 c5 4. Qg4 Nc6 5. Nf3 cxd4 6. Bd3 Nb4 7. Nxd4 Nxd3+ 8. cxd3 Bd7 9. O-O h5 10. Qg3 Nh6 11. Bxh6 Rxh6 12. Nc3 Rg6 13. Qf3 h4 14. h3 Bc5 15. Nb3 Bb6 16. d4 Qe7 17. Rac1 Kf8 18. Ne2 Bb5 19. Nf4 Rh6 20. Rfe1 Bc4 21. Nc5 Bxc5 22. dxc5 Rc8 23. b4 a6 24. a3 Kg8 25. Qg4 Bb5 26. Rcd1 a5 27. Nxd5 Qf8 28. Nf6+ Kh8 29. Ne4 Bc6 30. Nd6 Rd8 31. Nxf7+ Qxf7 32. Rxd8+ Kh7 33. b5 Bd5 34. Rxd5 exd5 35. e6 Qe7 36. Qf5+ Rg6 37. Qxd5 Rg5 38. Re5 Rxe5 39. Qxe5 a4 40. c6 bxc6 41. bxc6 Qxa3 42. e7 Qc1+ 43. Kh2 Qxc6 44. Qh5+ 1-0


[Site "https://www.chess.com"]

[Event "Titled Tuesday Blitz November 08 Early 2022"]
[White "Gokerkan, Cem Kaan"]
[Black "Lazavik, Denis"]
[WhiteFideId "6336760"]
[BlackFideId "13515110"]
[WhiteElo "2365"]
[BlackElo "2483"]
[Result "0-1"]
[Round "11"]
[TimeControl "180+1"]
[Date "2022.11.08"]
[WhiteClock "0:00:09"]
[BlackClock "0:00:08"]

1. e4 c5 2. Nf3 e6 3. c3 Nf6 4. e5 Nd5 5. d4 cxd4 6. cxd4 d6 7. Bc4 Be7 8. O-O O-O 9. Qe2 Nc6 10. Rd1 Bd7 11. Bxd5 exd5 12. Nc3 Be6 13. Bf4 Re8 14. Rac1 a6 15. h3 h6 16. Ne1 dxe5 17. dxe5 Qa5 18. Nc2 Rad8 19. a3 d4 20. b4 Qc7 21. Ne4 Qd7 22. Qd2 Bf5 23. Nd6 Bxd6 24. exd6 d3 25. Ne3 Bg6 26. Qc3 Qe6 27. Rxd3 Bxd3 28. Qxd3 Qe4 29. Qxe4 Rxe4 30. Bg3 f6 31. Nd5 Kf7 32. a4 Rd4 33. b5 axb5 34. axb5 Rxd5 35. bxc6 bxc6 36. Rxc6 Rd7 37. h4 Ke6 38. Rc8 h5 39. Rh8 Kf7 40. Kh2 Kg6 41. f3 Rd2 42. Re8 Ra7 43. Bf4 Rc2 44. Re1 Rd7 45. Rd1 Kf5 46. Bg3 Ke6 47. Re1+ Kf7 48. Rd1 Ke8 49. Rd5 g6 50. Rd4 Ra7 51. Re4+ Kd8 52. Re1 Raa2 53. Rg1 Kd7 54. Kh3 Ra8 55. Re1 Re8 56. Rb1 Rd2 57. Rb7+ Ke6 58. Rg7 Kf5 59. Rb7 Ree2 60. Rb8 Rd1 61. Kh2 Red2 62. Rb5+ Ke6 63. Rb3 Re2 64. Rb7 Kf5 65. Rb5+ Ke6 66. Rb7 Rc2 67. Re7+ Kf5 68. Re8 g5 69. hxg5 fxg5 70. Re5+ Kg6 71. Re6+ Kf7 72. Re7+ Kg6 73. Re6+ Kf5 74. Re5+ Kf6 75. f4 gxf4 76. Bxf4 Rd4 77. d7 Rxd7 78. Rxh5 Kg6 79. Rg5+ Kf6 80. Ra5 Rd1 81. Kh3 Rh1+ 82. Bh2 Rd1 83. Ra6+ Kf5 84. Ra5+ Ke6 85. Ra6+ Kd7 86. Ra7+ Kc8 87. Ra8+ Kb7 88. Rb8+ Ka7 89. Rg8 Rd3+ 90. Rg3 Rd7 91. Ra3+ Kb6 92. Rb3+ Ka5 93. Rg3 Rh7+ 94. Kg4 Rxh2 0-1


[Site "https://www.chess.com"]

[Event "Titled Tuesday Blitz November 08 Early 2022"]
[White "Goncalves, Davi Sulzbacher"]
[Black "Gheorghiu, Calin"]
[WhiteFideId "2154510"]
[BlackFideId "1200305"]
[WhiteElo "2182"]
[BlackElo "2225"]
[Result "0-1"]
[Round "11"]
[TimeControl "180+1"]
[Date "2022.11.09"]
[WhiteClock "0:00:09"]
[BlackClock "0:00:07"]

1. b3 e5 2. Bb2 Nc6 3. e3 Nge7 4. Ne2 Ng6 5. g3 d5 6. Bg2 Be7 7. h4 h5 8. c4 Be6 9. Nbc3 d4 10. exd4 exd4 11. Nb5 Bf6 12. Bxc6+ bxc6 13. Nbxd4 Bg4 14. Bc3 O-O 15. Nc2 Qd3 16. Ne3 Bxc3 17. dxc3 Bxe2 18. Qxd3 Bxd3 19. O-O-O Rad8 20. f4 Rfe8 21. Rhe1 Ne7 22. Nd5 Nxd5 23. Rxe8+ Rxe8 24. Rxd3 Re3 25. Kd2 Rxd3+ 26. Kxd3 Nf6 27. Kd4 Nd7 28. b4 Kf8 29. a4 Ke7 30. a5 a6 31. b5 Nb8 32. Kc5 cxb5 33. cxb5 Kd7 34. b6 Nc6 35. b7 Nb8 36. c4 g6 37. f5 gxf5 38. Kd5 c6+ 39. Ke5 Kc7 40. Kxf5 Kxb7 41. Kg5 c5 42. Kxh5 Nc6 43. Kg5 Nxa5 44. h5 Nxc4 45. h6 Ne5 46. Kf6 c4 47. h7 Ng6 48. Kxf7 Nh8+ 49. Kg7 c3 50. Kxh8 c2 51. Kg8 c1=Q 52. h8=Q Qc8+ 53. Kh7 Qh3+ 54. Kg8 Qxg3+ 55. Kf8 Qb8+ 0-1


[Site "https://www.chess.com"]

[Event "Titled Tuesday Blitz November 08 Early 2022"]
[White "Goryachkina, Aleksandra"]
[Black "Shipov, Sergei"]
[WhiteFideId "4147103"]
[BlackFideId "4113624"]
[WhiteElo "2484"]
[BlackElo "2799"]
[Result "1/2-1/2"]
[Round "11"]
[TimeControl "180+1"]
[Date "2022.11.08"]
[WhiteClock "0:00:21"]
[BlackClock "0:01:22"]

1. e4 e6 2. d4 d5 3. Nc3 Bb4 4. exd5 exd5 5. Bd3 Nc6 6. Ne2 Nge7 7. O-O O-O 8. a3 Ba5 9. Bg5 f6 10. Bf4 Bf5 11. Ng3 Bg6 12. Nce2 Qd7 13. c3 Rae8 14. Qc2 Nd8 15. Rae1 Ne6 16. Bd2 c6 17. Nf4 Nxf4 18. Bxf4 Bxd3 19. Qxd3 Ng6 20. Bd2 Nh4 21. Rxe8 Rxe8 22. Re1 Rxe1+ 23. Bxe1 Bc7 24. Qe2 g6 25. f3 Kf7 26. Nf1 Nf5 27. Bg3 Nxg3 28. hxg3 h5 29. Kf2 Qe6 30. Qxe6+ Kxe6 31. Ne3 Bd6 32. g4 h4 33. Ke2 a6 34. a4 b5 35. axb5 axb5 36. b4 Bf4 37. Kd3 f5 38. gxf5+ gxf5 39. Nd1 Bg3 40. Ke3 Bd6 41. Nf2 Kf6 42. Nh3 Kg6 43. Kd3 Kf6 44. Ke3 Kg6 45. Kd3 Kf6 46. Ke3 1/2-1/2


[Site "https://www.chess.com"]

[Event "Titled Tuesday Blitz November 08 Early 2022"]
[White "Gritsenko, Nikolai"]
[Black "Turzo, Attila"]
[WhiteFideId "14112493"]
[BlackFideId "704954"]
[WhiteElo "2389"]
[BlackElo "2507"]
[Result "1-0"]
[Round "11"]
[TimeControl "180+1"]
[Date "2022.11.09"]
[WhiteClock "0:00:08"]
[BlackClock "0:00:02"]

1. b3 Nf6 2. Bb2 g6 3. Bxf6 exf6 4. c4 f5 5. Nc3 Bg7 6. g3 d6 7. Bg2 Nd7 8. e3 Nf6 9. Rb1 h5 10. Nf3 O-O 11. O-O Re8 12. d3 Ng4 13. Qd2 Ne5 14. b4 c6 15. b5 Bd7 16. bxc6 Bxc6 17. Nxe5 dxe5 18. Bd5 Rc8 19. Rfd1 Bxd5 20. Nxd5 b6 21. Rdc1 h4 22. Qd1 hxg3 23. hxg3 Qd7 24. a4 Rb8 25. Rb5 Rec8 26. Rcb1 Qd6 27. Qb3 Bf8 28. a5 Rc5 29. axb6 Rxb5 30. Qxb5 axb6 31. Kg2 Kg7 32. Rh1 Qa3 33. Qc6 Qd6 34. Qb5 Qa3 35. Nc7 Qxd3 36. Qxe5+ f6 37. Ne6+ Kf7 38. Qxb8 Qe4+ 39. Kh2 Qxe6 40. Qb7+ Be7 41. Qd5 Qxd5 42. cxd5 Bc5 43. Rd1 Ke7 44. Kg2 Kd6 45. Kf3 b5 46. Ke2 b4 47. Rd3 b3 48. Rxb3 Kxd5 49. Rb7 g5 50. Rg7 g4 51. Rh7 Ke5 52. Rh5 Ke4 53. Rh8 Bd6 54. Re8+ Be5 55. Ra8 Bc3 56. Ra4+ Kd5 57. Kd3 Be5 58. Ra5+ Ke6 59. Ra6+ Kf7 60. Rc6 Kg6 61. Kc4 1-0


[Site "https://www.chess.com"]

[Event "Titled Tuesday Blitz November 08 Early 2022"]
[White "Guimaraes, Wagner Peixoto"]
[Black "Shapiro, Daniel"]
[WhiteFideId "2100940"]
[BlackFideId "2001780"]
[WhiteElo "2231"]
[BlackElo "2301"]
[Result "1-0"]
[Round "11"]
[TimeControl "180+1"]
[Date "2022.11.09"]
[WhiteClock "0:00:39"]
[BlackClock "0:00:09"]

1. Nf3 Nf6 2. g3 d5 3. Bg2 e6 4. c4 c6 5. d4 Bb4+ 6. Bd2 Be7 7. Qc2 b6 8. O-O O-O 9. b3 Ba6 10. Bc3 dxc4 11. Ne5 cxb3 12. axb3 Bb7 13. Rd1 a5 14. e4 Na6 15. Bb2 Rc8 16. Qe2 Qc7 17. Nc3 Nb4 18. Rac1 Qb8 19. f4 Rfd8 20. f5 Rxd4 21. Rxd4 Bc5 22. Na4 Bxd4+ 23. Bxd4 c5 24. Bb2 Ba6 25. Qf3 Re8 26. Ng4 Nd7 27. Rd1 exf5 28. Rxd7 fxg4 29. Qxf7+ 1-0


[Site "https://www.chess.com"]

[Event "Titled Tuesday Blitz November 08 Early 2022"]
[White "Hernandez Jimenez, Alexander Andres"]
[Black "Buscar, Michael"]
[WhiteFideId "3900452"]
[BlackFideId "2603616"]
[WhiteElo "2098"]
[BlackElo "2010"]
[Result "0-1"]
[Round "11"]
[TimeControl "180+1"]
[Date "2022.11.09"]
[WhiteClock "0:00:50"]
[BlackClock "0:01:27"]

1. e4 c5 2. Nf3 Nc6 3. d4 cxd4 4. Nxd4 Nf6 5. Nc3 e5 6. Ndb5 h6 7. Nd6+ Bxd6 8. Qxd6 Qe7 9. Qd1 O-O 10. Bc4 Rd8 11. O-O d6 12. f3 Be6 13. Bb3 Bxb3 14. axb3 d5 15. exd5 Qc5+ 16. Kh1 Nxd5 17. Ne4 Qe7 18. Qe2 Nd4 19. Qf2 Nb4 20. c3 Nxb3 21. Rxa7 Nd3 22. Qb6 Rxa7 23. Qxb3 Ra1 24. Qc2 f5 25. Ng3 Rxc1 26. Rxc1 Nxc1 27. Qxc1 Qg5 28. Qf1 Rd2 29. Qc4+ Kh7 30. b4 Rd1+ 31. Nf1 Qh4 32. Qe2 Qe1 33. Qxe1 Rxe1 34. Kg1 Rc1 0-1


[Site "https://www.chess.com"]

[Event "Titled Tuesday Blitz November 08 Early 2022"]
[White "Ibarra Jerez, Jose Carlos"]
[Black "Gareyev, Timur"]
[WhiteFideId "2226332"]
[BlackFideId "14200937"]
[WhiteElo "2638"]
[BlackElo "2552"]
[Result "0-1"]
[Round "11"]
[TimeControl "180+1"]
[Date "2022.11.08"]
[WhiteClock "0:00:04"]
[BlackClock "0:00:05"]

1. Nf3 f5 2. d3 Nc6 3. e4 e5 4. Nc3 Bb4 5. Bd2 Nf6 6. exf5 d5 7. Nh4 O-O 8. g3 Nd4 9. Bh3 c6 10. O-O Be7 11. f4 Nd7 12. Nf3 Nxf3+ 13. Qxf3 Qb6+ 14. Kh1 Qxb2 15. Qe2 Bf6 16. Rab1 Qa3 17. Rb3 Qd6 18. Rbb1 Re8 19. Rbe1 Nf8 20. g4 Bd7 21. g5 exf4 22. Qh5 Be5 23. f6 gxf6 24. Bxd7 Qxd7 25. gxf6 Ng6 26. Qg5 Qf7 27. Rg1 Bxf6 28. Qh5 Bd4 29. Rgf1 Rxe1 30. Bxe1 Re8 31. Ne2 Re5 32. Qg4 h5 33. Qf3 Re3 34. Qxh5 Bg7 35. Nxf4 Rxe1 36. Rxe1 Nxf4 37. Qg4 Ng6 38. Rg1 Nf8 39. h4 Kh7 40. Rg2 Bh6 41. Kh2 Ng6 42. Kh3 Nf4+ 43. Kh2 Nxg2 44. Kxg2 Qg6 45. Kf3 Qxg4+ 46. Kxg4 Kg6 47. h5+ Kf6 0-1


[Site "https://www.chess.com"]

[Event "Titled Tuesday Blitz November 08 Early 2022"]
[White "Jeet, Jain"]
[Black "Aaditya Dhingra"]
[WhiteFideId "5073022"]
[BlackFideId "25678191"]
[WhiteElo "2067"]
[BlackElo "2054"]
[Result "0-1"]
[Round "11"]
[TimeControl "180+1"]
[Date "2022.11.09"]
[WhiteClock "0:00:19"]
[BlackClock "0:00:08"]

1. Nf3 Nf6 2. g3 g6 3. Bg2 Bg7 4. O-O O-O 5. d4 d5 6. Re1 Bf5 7. Nbd2 h6 8. Nh4 Be6 9. e4 dxe4 10. Nxe4 Nxe4 11. Bxe4 Bd5 12. c3 Bxe4 13. Rxe4 c5 14. Be3 cxd4 15. Bxd4 Nc6 16. Bxg7 Kxg7 17. Qb3 Qc7 18. Rae1 Rad8 19. Rg4 Kh7 20. Qc2 Ne5 21. Rxe5 Qxe5 22. Nxg6 Rd1+ 23. Qxd1 fxg6 24. Qd3 Rf6 25. Re4 Qc5 26. Qe3 Qxe3 27. Rxe3 Rf7 28. f4 Kg7 29. Kg2 Kf8 30. h4 Rf6 31. Re5 Rd6 32. Kf3 Rd3+ 33. Re3 Rd2 34. Re2 Rd3+ 35. Kf2 Kf7 36. a4 Kf6 37. a5 h5 38. c4 Rb3 39. Kg2 Rb4 40. Rc2 Ra4 41. b3 Rxa5 42. Kf3 Ra3 43. Rc3 Ra1 44. Ke4 Rd1 45. b4 a6 46. c5 Rb1 47. Rc4 Rb3 48. c6 bxc6 49. Rxc6+ e6 50. Rxa6 Rxb4+ 51. Kf3 Rb3+ 52. Kg2 Rb2+ 53. Kh3 Rc2 54. Ra5 Rb2 55. Ra3 Rd2 56. Ra8 Rc2 57. Rf8+ Kg7 58. Rd8 Kf7 59. Rd3 Kf6 60. Re3 Kf7 61. g4 hxg4+ 62. Kxg4 Kf6 63. Rd3 Rg2+ 64. Kf3 Rh2 65. Kg3 Rh1 66. Rd8 Rg1+ 67. Kf3 Rh1 68. Kg4 Rg1+ 69. Kh3 Kf5 70. Rf8+ Ke4 71. Rf6 Kd5 72. Kh2 Rg4 73. Kh3 Rg1 74. Rf8 Ke4 75. Rf6 Kf3 76. Kh2 Rg2+ 77. Kh3 Rg3+ 78. Kh2 Rg4 79. Rxe6 Rxh4+ 80. Kg1 Rg4+ 81. Kf1 Kxf4 82. Ra6 Kg3 83. Ra3+ Kh4 84. Rb3 g5 85. Ra3 Rg3 86. Ra8 Kh3 87. Rh8+ Kg4 88. Rh7 Rb3 89. Kg1 Kg3 90. Rf7 Rb1+ 91. Rf1 Rxf1+ 92. Kxf1 Kh2 93. Ke2 g4 94. Kf2 g3+ 0-1


[Site "https://www.chess.com"]

[Event "Titled Tuesday Blitz November 08 Early 2022"]
[White "Jegorovas, Aleksandras"]
[Black "Firat, Burak"]
[WhiteFideId "12801950"]
[BlackFideId "6305881"]
[WhiteElo "2247"]
[BlackElo "2392"]
[Result "1-0"]
[Round "11"]
[TimeControl "180+1"]
[Date "2022.11.09"]
[WhiteClock "0:00:35"]
[BlackClock "0:00:52"]

1. Nf3 c5 2. c4 Nc6 3. Nc3 g6 4. e3 Nf6 5. d4 cxd4 6. exd4 d5 7. cxd5 Nxd5 8. Bc4 Nb6 9. Bb3 Bg7 10. Be3 O-O 11. O-O Na5 12. h3 Bf5 13. Re1 Re8 14. Bg5 Rc8 15. Bh4 Nxb3 16. Qxb3 Qc7 17. Rad1 Qc4 18. Rxe7 Rxe7 19. Bxe7 Qxb3 20. axb3 Bc2 21. Ra1 a6 22. b4 Nc4 23. Nd5 Be4 24. Nf6+ Bxf6 25. Bxf6 Nxb2 26. Ng5 Bc6 27. Re1 Re8 28. Rxe8+ Bxe8 29. d5 Nc4 30. Be7 f5 31. d6 Bd7 32. f4 b6 33. Nf3 a5 34. bxa5 bxa5 35. Ne5 Nxe5 36. fxe5 Kf7 37. Bg5 Ke6 38. Bc1 Kxe5 39. Kf2 Kxd6 40. Ke3 g5 41. g3 Kd5 42. Kd3 h6 43. h4 f4 44. hxg5 fxg3 45. gxh6 g2 46. Be3 a4 47. Kc3 Ke4 48. h7 1-0


[Site "https://www.chess.com"]

[Event "Titled Tuesday Blitz November 08 Early 2022"]
[White "Jiganchine, Roman"]
[Black "Tharushi, T H D Niklesha"]
[WhiteFideId "2603667"]
[BlackFideId "9918264"]
[WhiteElo "2331"]
[BlackElo "1596"]
[Result "1-0"]
[Round "11"]
[TimeControl "180+1"]
[Date "2022.11.09"]
[WhiteClock "0:00:12"]
[BlackClock "0:00:06"]

1. e4 c6 2. d4 d5 3. exd5 cxd5 4. c4 Nf6 5. Nc3 Nc6 6. Nf3 Be6 7. c5 g6 8. Bb5 a6 9. Bxc6+ bxc6 10. O-O Bg7 11. Ne5 Qc7 12. Re1 O-O 13. Qa4 Bd7 14. Bf4 Qb7 15. b3 Nh5 16. Bg3 Nxg3 17. hxg3 f6 18. Nf3 f5 19. Rxe7 Rae8 20. Nxd5 Rxe7 21. Nxe7+ Kf7 22. Re1 Qb5 23. Ng5+ Kf6 24. Nxh7+ Kf7 25. Nxf8 Qxa4 26. bxa4 Bxf8 27. d5 Bxe7 28. d6 Bd8 29. Rb1 Ke6 30. Rb7 Bf6 31. Ra7 Bd4 32. Rxa6 Bxc5 33. a5 Kxd6 34. Ra8 Bd4 35. Rg8 Kc5 36. Rxg6 Kb5 37. Rd6 c5 38. Rxd7 Kxa5 39. Kf1 Kb4 40. Ke2 Kc3 41. f3 c4 42. g4 fxg4 43. fxg4 Be5 44. Rd5 Bf6 45. a4 Kb3 46. a5 c3 47. Rc5 c2 48. Rxc2 Kxc2 49. a6 Bd4 50. g5 Kb3 51. g6 Kb4 52. g7 Bxg7 53. a7 Kb5 54. a8=Q Kb4 55. Qf3 Bc3 56. g4 Kb3 57. Qf5 Ka2 58. Kf3 Bb2 59. g5 Ka1 60. Ke2 Ka2 61. Qc2 Ka1 62. Kd3 Bf6 63. Kc4 Bxg5 64. Kb3 Bf6 65. Qa2# 1-0


[Site "https://www.chess.com"]

[Event "Titled Tuesday Blitz November 08 Early 2022"]
[White "Johnson, Ben"]
[Black "Zainullina, Nataliya"]
[WhiteFideId "2010917"]
[BlackFideId "4145488"]
[WhiteElo "2129"]
[BlackElo "2088"]
[Result "0-1"]
[Round "11"]
[TimeControl "180+1"]
[Date "2022.11.09"]
[WhiteClock "0:00:10"]
[BlackClock "0:00:08"]

1. Nf3 Nf6 2. c4 g6 3. b3 Bg7 4. Bb2 O-O 5. g3 d6 6. d4 Nbd7 7. Bg2 Re8 8. O-O e5 9. dxe5 dxe5 10. Nc3 e4 11. Ne1 c6 12. Nc2 Qc7 13. Ne3 h5 14. Qc2 Nf8 15. Rad1 Qe7 16. Na4 N8d7 17. c5 Ne5 18. b4 Neg4 19. Nxg4 Bxg4 20. h3 Be6 21. e3 Rad8 22. Nc3 Bf5 23. a4 Rd3 24. Rxd3 exd3 25. Qd2 Rd8 26. e4 Nxe4 27. Nxe4 Bxb2 28. Re1 Bxe4 29. Bxe4 Qf6 30. Bxd3 Bc3 31. Qe3 Bxe1 32. Bc4 Bxf2+ 33. Qxf2 Qxf2+ 34. Kxf2 Rd4 35. b5 Rxc4 0-1


[Site "https://www.chess.com"]

[Event "Titled Tuesday Blitz November 08 Early 2022"]
[White "Jones, Gawain C B"]
[Black "Bacrot, Etienne"]
[WhiteFideId "409561"]
[BlackFideId "605506"]
[WhiteElo "2657"]
[BlackElo "2666"]
[Result "1-0"]
[Round "11"]
[TimeControl "180+1"]
[Date "2022.11.08"]
[WhiteClock "0:01:20"]
[BlackClock "0:00:01"]

1. g3 d5 2. Nf3 Nf6 3. Bg2 g6 4. c4 d4 5. b4 Bg7 6. Bb2 c5 7. bxc5 Nc6 8. d3 Nd7 9. Ba3 O-O 10. O-O Qa5 11. Qe1 Qa4 12. Nfd2 Re8 13. Qd1 Qa6 14. Nb3 e5 15. Bb2 Bf8 16. Na3 Nxc5 17. Nb5 Qb6 18. Nxc5 Bxc5 19. Ba3 Bxa3 20. Nxa3 Bf5 21. Rb1 Qc7 22. Nb5 Qe7 23. c5 Qxc5 24. Nc7 Na5 25. Nxe8 Rxe8 26. Qa4 Rc8 27. Rb5 Qc1 28. Rxe5 1-0


[Site "https://www.chess.com"]

[Event "Titled Tuesday Blitz November 08 Early 2022"]
[White "Kaasen, Tor Fredrik"]
[Black "Tasev, Dejan"]
[WhiteFideId "1516647"]
[BlackFideId "936618"]
[WhiteElo "2345"]
[BlackElo "2256"]
[Result "1/2-1/2"]
[Round "11"]
[TimeControl "180+1"]
[Date "2022.11.09"]
[WhiteClock "0:00:12"]
[BlackClock "0:00:17"]

1. e4 c6 2. Nf3 d5 3. Nc3 Bg4 4. h3 Bxf3 5. Qxf3 e6 6. Be2 Nf6 7. O-O Be7 8. d4 dxe4 9. Qe3 Nbd7 10. Nxe4 Nxe4 11. Qxe4 Nf6 12. Qd3 O-O 13. Rd1 Qb6 14. Qb3 Rfd8 15. c3 Rd7 16. Bf3 Rad8 17. Qc2 h6 18. Bf4 Bd6 19. Be3 Qc7 20. g3 Nd5 21. Bxd5 exd5 22. Kg2 Re8 23. h4 Rde7 24. Bd2 Bxg3 25. fxg3 Re2+ 26. Kf3 R8e3+ 27. Bxe3 Rxc2 28. Rd2 Rxd2 29. Bxd2 Qd7 30. Re1 Qf5+ 31. Kg2 Qd3 32. Bf4 Qc2+ 33. Kh3 Qxb2 34. Re8+ Kh7 35. Re7 Kg6 36. h5+ Kf6 37. Re3 g5 38. Be5+ Kf5 39. g4+ Ke6 40. Bg7+ Kd7 41. Bxh6 Qxa2 42. Bxg5 Qf2 43. h6 Qf1+ 44. Kh4 Qh1+ 45. Rh3 Qe1+ 46. Kh5 Qe6 47. Kh4 Qg6 48. Kg3 Qxg5 49. h7 Qe3+ 50. Kg2 Qe2+ 51. Kg3 Qd3+ 52. Kg2 Qd2+ 53. Kg3 Qe1+ 54. Kg2 Qe4+ 55. Kg3 Qe3+ 56. Kg2 Qe2+ 57. Kg3 Qe1+ 58. Kg2 Qe2+ 1/2-1/2


[Site "https://www.chess.com"]

[Event "Titled Tuesday Blitz November 08 Early 2022"]
[White "Kamsky, Gata"]
[Black "Aradhya, Garg"]
[WhiteFideId "2000024"]
[BlackFideId "25006746"]
[WhiteElo "2666"]
[BlackElo "2223"]
[Result "1/2-1/2"]
[Round "11"]
[TimeControl "180+1"]
[Date "2022.11.08"]
[WhiteClock "0:01:24"]
[BlackClock "0:00:49"]

1. e4 e5 2. Nf3 Nc6 3. Bb5 a6 4. Ba4 Nf6 5. O-O Be7 6. Re1 b5 7. Bb3 O-O 8. c3 d5 9. d3 dxe4 10. dxe4 Qxd1 11. Bxd1 Be6 12. a4 b4 13. a5 Bc5 14. Nbd2 Ng4 15. Re2 Rfd8 16. h3 bxc3 17. bxc3 Nf6 18. Ng5 Bc4 19. Re1 Bd3 20. Bb3 Rd7 21. Ba4 Bb5 22. Nb3 Bf8 23. Nd2 Rb8 24. Bb3 Bd3 25. Ba4 Bb5 26. Bb3 Bd3 27. Ba4 Bb5 1/2-1/2


[Site "https://www.chess.com"]

[Event "Titled Tuesday Blitz November 08 Early 2022"]
[White "Kirillov, Dmitry"]
[Black "Degenbaev, Aziz"]
[WhiteFideId "34180572"]
[BlackFideId "13802640"]
[WhiteElo "2095"]
[BlackElo "2039"]
[Result "0-1"]
[Round "11"]
[TimeControl "180+1"]
[Date "2022.11.09"]
[WhiteClock "0:00:07"]
[BlackClock "0:00:07"]

1. e4 e6 2. d4 d5 3. Nd2 Nc6 4. c3 e5 5. dxe5 dxe4 6. Bb5 Qd5 7. Bxc6+ bxc6 8. Qe2 Bf5 9. Qc4 Rd8 10. Ne2 Bc5 11. O-O e3 12. fxe3 Bxe3+ 13. Kh1 Bxd2 14. Qxd5 Rxd5 15. Rxf5 Ne7 16. Rf2 Bxc1 17. Rxc1 Rxe5 18. Nd4 O-O 19. Rcf1 f6 20. b4 Rd8 21. g3 Kf7 22. Kg2 c5 23. Nf3 Re3 24. bxc5 Rxc3 25. Ng5+ Kg6 26. Ne6 Rb8 27. Rd2 Nf5 28. Nf4+ Kh6 29. Re1 Rxc5 30. g4 Nd6 31. Ne6 Rc4 32. h3 Re8 33. Rde2 Rb8 34. Rd2 Rb6 35. Nd4 Ra4 36. Nf3 Rba6 37. Ree2 Nc4 38. Rc2 Nd6 39. Rxc7 Rxa2 40. Rcc2 Rxc2 41. Rxc2 Ra1 42. Nd4 a5 43. Rc6 Ne4 44. Nf5+ Kg5 45. Rc7 g6 46. Ng3 Nxg3 47. Kxg3 h5 48. Ra7 hxg4 49. hxg4 Ra3+ 50. Kg2 Kxg4 51. Ra6 Kf5 52. Kf2 g5 53. Rb6 Ke5 54. Rb5+ Kf4 55. Rb6 f5 56. Ke1 Ke3 57. Rb5 Ra1+ 0-1


[Site "https://www.chess.com"]

[Event "Titled Tuesday Blitz November 08 Early 2022"]
[White "Kodinets, Konstantin L."]
[Black "Cabezas Solano, David Alejandro"]
[WhiteFideId "4122011"]
[BlackFideId "6507522"]
[WhiteElo "2447"]
[BlackElo "2035"]
[Result "1-0"]
[Round "11"]
[TimeControl "180+1"]
[Date "2022.11.09"]
[WhiteClock "0:01:42"]
[BlackClock "0:00:07"]

1. d4 Nf6 2. Nf3 d5 3. Bf4 e6 4. e3 Bd6 5. Nbd2 b6 6. Ne5 O-O 7. Bg5 c5 8. c3 Bb7 9. f4 Nbd7 10. Bd3 Qc7 11. Qf3 a6 12. O-O b5 13. Nxd7 Nxd7 14. Qh3 f5 15. Nf3 b4 16. Rac1 bxc3 17. bxc3 Rac8 18. g4 g6 19. Bh6 fxg4 20. Qxg4 Rfe8 21. Bxg6 Nf6 22. Qg5 hxg6 23. Qxg6+ Kh8 24. Qxf6+ Kg8 25. Kh1 Kh7 26. Ng5+ Kg8 27. Rg1 Re7 28. Nf7+ 1-0


[Site "https://www.chess.com"]

[Event "Titled Tuesday Blitz November 08 Early 2022"]
[White "Korelskiy, Egor"]
[Black "Kuchava, Ana"]
[WhiteFideId "34329064"]
[BlackFideId "13605348"]
[WhiteElo "2043"]
[BlackElo "2001"]
[Result "0-1"]
[Round "11"]
[TimeControl "180+1"]
[Date "2022.11.09"]
[WhiteClock "0:00:02"]
[BlackClock "0:00:07"]

1. e4 c5 2. Nf3 d6 3. d4 cxd4 4. Nxd4 Nf6 5. Nc3 Nc6 6. Bg5 e6 7. Qd2 Qb6 8. Nb3 Be7 9. Be3 Qd8 10. h3 a6 11. a4 O-O 12. a5 Nd7 13. Be2 Nc5 14. Nxc5 dxc5 15. Qxd8 Rxd8 16. Na4 Nb4 17. Bd1 Bd7 18. Nb6 Rab8 19. Bf4 Bf6 20. Rb1 e5 21. Be3 Be7 22. c3 Nc6 23. Nd5 Bd6 24. Ra1 f5 25. f3 fxe4 26. fxe4 Ne7 27. Bb3 Nxd5 28. Bxd5+ Kh8 29. Ke2 b5 30. axb6 Rxb6 31. b4 Rb5 32. bxc5 Bxc5 33. Bxc5 Rxc5 34. c4 a5 35. Rhb1 Bc6 36. Ra4 Bxa4 37. Ra1 Bc6 38. Ra3 Bxd5 39. cxd5 Rb8 40. d6 Rd8 41. Rb3 h6 42. Rb6 Rc2+ 43. Kd3 Rc1 44. Kd2 Rc4 45. Ra6 Rd4+ 46. Ke3 a4 47. Ra5 R8xd6 48. Rxe5 a3 49. Ra5 Rd3+ 50. Kf4 Rb6 51. e5 Rb4+ 52. Kf5 Kh7 53. e6 Re3 54. Ra7 Rb5+ 55. Kf4 Rxe6 56. Rxa3 Rc6 57. Kg3 Rc4 58. Kh2 Rb2 59. Rg3 Rcc2 60. Rg4 g5 61. Rg3 Kg6 62. Rg4 h5 63. Rg3 Kf5 64. Rf3+ Kg6 65. Rg3 Rd2 66. Kh1 Rb1+ 67. Kh2 Rbb2 68. Kh1 Kf5 69. Kh2 g4 70. hxg4+ hxg4 71. Kh1 Kf4 72. Kh2 Rbc2 73. Ra3 Rxg2+ 74. Kh1 Rh2+ 75. Kg1 Rcg2+ 76. Kf1 Rg3 77. Ra4+ Kg5 78. Ra5+ Kh4 79. Ra8 Rf3+ 80. Kg1 Kg3 81. Ra1 Rg2+ 82. Kh1 Rc2 83. Rg1+ Kf4 84. Re1 Rff2 85. Kg1 Rg2+ 86. Kh1 Rge2 87. Rf1+ Kg5 88. Ra1 g3 89. Kg1 Kg4 90. Ra4+ Kf3 91. Ra3+ Re3 92. Ra1 Rec3 93. Rf1+ Kg4 94. Kh1 Rc1 95. Rxc1 Rxc1+ 96. Kg2 Rc2+ 97. Kg1 Kf3 0-1


[Site "https://www.chess.com"]

[Event "Titled Tuesday Blitz November 08 Early 2022"]
[White "Kosteniuk, Alexandra"]
[Black "Bilan, Danila"]
[WhiteFideId "4128125"]
[BlackFideId "24161918"]
[WhiteElo "2469"]
[BlackElo "2173"]
[Result "1-0"]
[Round "11"]
[TimeControl "180+1"]
[Date "2022.11.09"]
[WhiteClock "0:00:49"]
[BlackClock "0:00:02"]

1. e4 c6 2. Nc3 d5 3. Nf3 Bg4 4. h3 Bxf3 5. Qxf3 e6 6. g3 Nd7 7. d4 dxe4 8. Nxe4 Ngf6 9. Bg2 Be7 10. O-O O-O 11. Rd1 Nxe4 12. Qxe4 Bf6 13. c4 Re8 14. Be3 Bg5 15. f4 Bf6 16. Rab1 Qc7 17. b4 Rab8 18. Rdc1 g6 19. Qf3 Qd6 20. c5 Qc7 21. b5 Rbc8 22. bxc6 bxc6 23. Qe2 Bg7 24. Qa6 Nf6 25. Rb7 Qd8 26. Bxc6 Nd5 27. Bf2 Nc7 28. Qa4 g5 29. Bxe8 Nxe8 30. Qd7 gxf4 31. Qxf7+ Kh8 32. gxf4 Rc7 33. Rxc7 Nxc7 34. Rd1 Bf6 35. d5 exd5 36. c6 d4 37. Qxf6+ Qxf6 38. Bxd4 1-0


[Site "https://www.chess.com"]